Map: Chain of Ascension

Players

Yuriprime

  • Race: Zerg Zerg
  • Spawn Location: 11:00

LilArrin

  • Race: Terran Terran
  • Spawn Location: 11:00

VOD

Have the link to the VOD?

Description

Time

  • Played on: Sept. 17, 2017, 1:33 a.m.
  • Length: 12:32
Show
View Real Time Build Order
Export as new Build Order

Yuriprime Zerg 

Build Orders:  

Get SALT Encoding   

  12  0:04  Drone  
  13  0:14  Drone  
  14  0:29  Drone, Extractor  
  14  0:31  Extractor  
  14  0:32  Drone  
  16  1:02  Hatchery  
  15  1:12  Overlord  
  15  1:38  Drone x4  
  19  1:53  Spawning Pool  
  19  1:54  Extractor  
  19  1:59  Drone  
  18  2:05  Drone  
  18  2:09  Drone  
  20  2:17  Drone  
  21  2:28  Queen  
  23  2:33  Drone  
  23  2:38  Drone  
  25  2:43  Drone  
  25  2:48  Drone  
  27  3:03  Drone  
  27  3:04  Extractor  
  27  3:08  Overlord  
  27  3:19  Lair  
  27  3:26  Drone  
  28  3:45  Drone  
  28  3:46  Drone x3  
  32  4:28  Drone  
  32  4:29  Drone  
  34  4:40  Drone x2  
  34  4:41  Overlord x2  
  34  4:42  Overlord  
  34  4:47  Extractor  
  34  4:49  Hatchery  
  34  4:52  Extractor  
  34  4:56  Drone  
  34  4:57  Drone x2  
  36  5:06  Evolution Chamber  
  35  5:20  Drone  
  35  5:21  Drone x4  
  40  5:48  Heroic Fortitude  
  40  5:49  Evolution Chamber  
  39  5:56  Drone  
  39  5:57  Drone x2, Hydralisk Den  
  41  6:12  Chain Reaction  
  41  6:22  Drone x3  
  41  6:23  Drone x5  
  49  6:44  Drone  
  49  6:46  Hive  
  50  7:07  Drone x3  
  57  7:14  Hydralisk  
  57  7:15  Hydralisk  
  57  7:16  Hydralisk x2  
  61  7:24  Drone x2  
  61  7:25  Drone x2  
  64  7:32  Nydus Network  
  62  8:07  Ability Efficiency  
  62  8:54  Overlord x3  
  62  8:55  Overlord x6  
  62  8:57  Zerg Ground Armor Level 1, Zerg Missile Weapons Level 1, Hydralisk  
  62  8:58  Hydralisk  
  66  9:00  Frenzy  
  66  9:03  Nydus Network  
  66  9:04  Nydus Network  
  72  9:24  Hydralisk  
  72  9:25  Hydralisk x3  
  72  9:39  Hydralisk x3  
  78  9:48  Muscular Augments  
  82  9:50  Omega Worm  
  82  9:51  Hydralisk x2  
  82  10:12  Ancillary Carapace  
  82  10:17  Hydralisk  
  82  10:18  Hydralisk x5  
  110  10:44  Hydralisk x5  
  110  10:45  Hydralisk x3  
  110  11:00  Omega Worm  
  124  11:22  Hydralisk x4  
  124  11:23  Hydralisk x3  
  71  11:40  Hydralisk x4  
  130  11:58  Omega Worm  
  138  12:00  Hydralisk x2  
  138  12:01  Hydralisk x2  
Show
View Real Time Build Order
Export as new Build Order

LilArrin Terran 

Build Orders:  

Get SALT Encoding   

  12  0:03  SCV  
  13  0:20  SCV  
  14  0:37  Supply Depot, SCV  
  15  0:54  SCV  
  16  1:10  SCV  
  17  1:25  Command Center  
  17  1:29  SCV  
  18  1:46  SCV  
  18  1:49  Barracks  
  19  2:03  SCV  
  19  2:04  Refinery  
  20  2:12  Refinery  
  20  2:23  Orbital Command  
  20  2:42  Marine  
  20  2:44  Bunker  
  21  2:53  Marine  
  21  2:58  SCV  
  23  3:05  Orbital Command  
  23  3:08  Marine  
  23  3:17  SCV  
  23  3:18  Marine  
  26  3:35  SCV  
  26  3:37  Factory, Barracks Tech Lab  
  27  3:41  Combat Shields  
  27  3:44  SCV  
  28  3:54  SCV  
  29  4:01  Barracks  
  29  4:14  Orbital Command  
  29  4:28  SCV  
  30  4:38  Factory Tech Lab  
  30  4:45  SCV  
  30  4:47  Barracks Reactor  
  31  4:54  SCV  
  31  4:55  Supply Depot  
  31  4:57  Supply Depot  
  32  5:02  SCV  
  33  5:11  SCV  
  33  5:19  SCV  
  35  5:20  Replenishable Magazine  
  35  5:24  Vulture  
  37  5:34  Vulture  
  37  5:36  Medic, Marine x2  
  37  5:37  SCV x2  
  45  5:44  Vulture  
  45  5:46  Marine x2  
  49  5:54  Marine  
  49  5:56  Marine x2, Vulture  
  54  6:13  Medic, Vulture, Supply Depot, Marine  
  54  6:15  Supply Depot  
  54  6:16  SCV x2  
  61  6:20  Cerberus Mines  
  61  6:23  Vulture  
  61  6:27  Marine  
  61  6:28  Marine  
  63  6:33  Vulture  
  67  6:47  Marine  
  67  6:48  SCV x2  
  69  6:55  Marine, Supply Depot  
  69  6:57  Supply Depot  
  71  7:10  Vulture  
  69  7:20  Vulture  
  70  7:30  Vulture  
  70  7:36  SCV x2  
  63  7:40  Vulture  
  59  7:50  Vulture  
  59  7:53  SCV  
  59  7:56  Medic, Marine x2  
  66  8:01  Vulture  
  68  8:11  Vulture  
  70  8:21  Vulture  
  70  8:22  Marine x2  
  70  8:23  SCV x2  
  76  8:31  Vulture  
  78  8:41  Vulture  
  78  8:51  Marine x2  
  78  8:52  Marine, Vulture  
  81  9:02  Medic, Vulture  
  81  9:03  Marine  
  81  9:05  Marine  
  86  9:12  Marine, Vulture, Supply Depot  
  86  9:16  Supply Depot  
  70  9:22  Vulture  
  66  9:32  Vulture  
  66  9:37  Marine x3  
  69  9:47  Medic  
  71  9:57  Medic  
  75  10:24  Marine x2  
  75  10:26  Marine  
  78  10:34  Marine x2  
  78  10:36  Medic  
  82  10:57  Vulture  
Tags
 
Add a new tag
Caveats
  • Supply blocks, unpowered buildings, or Contaminate may cause inaccurate times.
  • Supply counts are checked every 10 seconds.